 Dungeon Crawl Stone Soup version 0.30-a0-414-gcb316572d5 (webtiles) character file.

Game seed: 6517988294001090810

46 McMuffin the Grave Robber (level 3, -8/24 HPs)
             Began as a Human Necromancer on Dec 7, 2022.
             Killed by an exploding goblin (21 damage)
             ... ignited by their inner flame
             ... on level 3 of the Dungeon.
             The game lasted 00:14:21 (849 turns).

McMuffin the Grave Robber (Human Necromancer)        Turns: 849, Time: 00:14:24

Health: -8/24      AC:  4    Str:  4    XL:     3   Next: 92%
Magic:  2/2        EV: 12    Int: 17    God:
Gold:   60         SH:  0    Dex: 15    Spells: 6/7 levels left

rFire   . . .      SeeInvis .    u - +9 spear "Efiatut" {antimagic, rPois rN++ Str-4 Dex+2}
rCold   + . .      Faith    .    (no shield)
rNeg    + + .      Spirit   .    a - +1 robe
rPois   +          Reflect  .    (no helmet)
rElec   .          Harm     .    (no cloak)
rCorr   .          Rampage  .    (no gloves)
Will    .....                    m - +0 pair of boots
Stlth   ++........               (no amulet)
HPRegen 0.24/turn                c - ring of ice
MPRegen 0.08/turn                f - ring of protection from fire

@: no status effects
A: no striking features
a: no special abilities


You were on level 3 of the Dungeon.
You visited 1 branch of the dungeon, and saw 3 of its levels.

You collected 60 gold pieces.

Inventory:

Hand Weapons
 e - a +0 club
 g - a +0 dagger
 u - the +9 spear "Efiatut" (weapon) {antimagic, rPois rN++ Str-4 Dex+2}
   (You found it on level 3 of the Dungeon)

   It reduces the magical energy of the wielder, and disrupts the spells and
   magical abilities of those it strikes.
   Natural abilities and divine invocations are not affected.
   Str:       It affects your strength (-4).
   Dex:       It affects your dexterity (+2).
   rPois:     It protects you from poison.
   rN:        It greatly protects you from negative energy.
Missiles
 d - 4 curare-tipped darts
Armour
 a - a +1 robe (worn)
 m - a +0 pair of boots (worn)
Magical Staves
 i - a staff of fire
Jewellery
 c - a ring of ice (left hand)
 f - a ring of protection from fire (right hand)
Scrolls
 q - a scroll of enchant armour
Potions
 b - a potion of magic
 h - a potion of degeneration {unknown}
 j - a potion of might {unknown}
 l - a potion of lignification {unknown}
 p - a potion of heal wounds {unknown}
 r - 2 potions of attraction {unknown}
 t - a potion of haste {unknown}


   Skills:
 + Level 0.2 Maces & Flails
 + Level 2.1 Dodging
 + Level 2.1 Stealth
 + Level 1.0 Unarmed Combat
 + Level 2.5 Spellcasting
 + Level 4.5 Necromancy


You had 6 spell levels left.
You knew the following spells:

 Your Spells              Type           Power      Damage    Failure   Level
a - Necrotise             Necr           68%        1d7       2%          1

Your spell library contained the following spells:

 Spells                   Type           Power      Damage    Failure   Level
 Vampiric Draining        Necr           17%        2d7       9%          3
 Animate Dead             Necr           17%        N/A       28%         4
 Agony                    Necr           17%        N/A       61%         5


Dungeon Overview and Level Annotations

Branches:
Dungeon (3/15)

Altars:

Annotations:
D:3 Robin


Message History

The goblin shoots a sling bullet.
The sling bullet hits you but does no damage.
The goblin shoots a sling bullet.
The sling bullet barely misses you. The goblin barely misses you.
You miss the goblin. You punch the goblin.
You kill the goblin!
You barely miss the hobgoblin.
The hobgoblin hits you but does no damage.
You hit the hobgoblin.
You kill the hobgoblin!
The goblin hits you with a +0 dagger.
You closely miss the goblin.
The goblin is moderately wounded.
Your hearing returns.
The goblin hits you with a +0 dagger.
You completely miss the goblin.
The goblin is moderately wounded.
The goblin hits you but does no damage.
As you read the scroll labelled QOAVVOM JYLUSAHEY, it crumbles to dust.
It is a scroll of enchant armour.
Your +0 robe glows green for a moment.
The goblin hits you with a +0 dagger. The goblin hits you but does no damage.
You barely miss the goblin.
The goblin is moderately wounded.
The goblin barely misses you.
You hit the goblin.
You kill the goblin!
You hit the goblin.
You kill the goblin!
As you read the scroll labelled JEAVAA ECEA, it crumbles to dust.
The creatures around you are filled with an inner flame!
It was a scroll of immolation.
The goblin unwields a +0 sling.
The goblin wields a +0 dagger.
The goblin hits you but does no damage.
You hit the goblin.
Flame seeps out of the goblin.
The goblin is moderately wounded.
The goblin is engulfed in blazing flames.
The goblin explodes!
The fiery explosion engulfs you!!
Ouch! That really hurt!
You die...

#......# #......#
#......#### #..........
#.......... #####
###.#...... ..(..#
#.###....
......###########........
........@○g........##....
........##§.....##.##....
.......#######..# .####..
....... #..##.## #..
....... #......# #..
.?....# #.####.# ##.
...... #.# .# #. ......
#g# .. #. ......


.gg .. You could see a goblin (inner flame).

Vanquished Creatures
  3 endoplasms
  2 giant cockroaches (D:3)
  9 goblins
  4 hobgoblins
  2 kobolds
  2 quokkas (D:1)
  5 ball pythons
  2 bats
  4 frilled lizards
  4 rats
37 creatures vanquished.

Vanquished Creatures (collateral kills)
  A bat (D:2)
  An endoplasm (D:2)
  A hobgoblin (D:1)
  A ball python (D:2)
  A kobold (D:1)
5 creatures vanquished.

Vanquished Creatures (others)
  3 fungi (D:2)
  4 plants (D:2)
7 creatures vanquished.

Grand Total: 49 creatures vanquished

Notes
Turn   | Place    | Note
-------+----------+-------------------------------------------
     0 | D:1      | McMuffin the Human Necromancer began the quest for the Orb.
     0 | D:1      | Reached XP level 1. HP: 13/13 MP: 3/3
   169 | D:1      | Reached XP level 2. HP: 17/19 MP: 3/5
   414 | D:2      | Reached XP level 3. HP: 24/24 MP: 2/6
   426 | D:2      | Reached skill level 1 in Unarmed Combat
   680 | D:3      | Identified the +9 spear "Efiatut" {antimagic, rPois rN++
                  | Str-4 Dex+2}
   798 | D:3      | Noticed Robin
   849 | D:3      | Killed by an exploding goblin... ignited by their inner
                  | flame

Illustrated notes

Levels and vault maps discovered:
D:1:      ebering_trefoil_3fold, layout_rooms, serial_shops, shop
D:2:      layout_basic, shapermc_ecumenical_altar_hornbeckon,
          minmay_pentomino_t4
D:3:      layout_rooms, nicolae_gozag_seed_capital, uniq_robin

Skill      XL: |  1  2  3 |
---------------+----------+-----
Unarmed Combat | 1 |  1.0
Maces & Flails | |  0.2
Dodging        | |  2.1
Stealth        | |  2.1
Spellcasting   | |  2.5
Necromancy     | |  4.5

Action                   || total
-------------------------++-------
Melee: Unarmed           ||    21
       Club              ||     9
       Staff             ||    19
       Spear             ||    21
       Punch             ||     1
 Cast: Necrotise         ||    38
  Use: Scroll            ||     5
Armor: Robe              ||    17
Dodge: Dodged            ||    57

Table legend: (Time is in decaauts)
 A = Elapsed time spent in this place.
 B = Non-inter-level travel time spent in this place.
 C = Inter-level travel time spent in this place.
 D = Time resting spent in this place.
 E = Time spent auto-exploring this place.
 F = Levels seen in this place.
 G = Mean time per level.
                   A        B        C        D        E       F      G
               +--------+--------+--------+--------+--------+-----+--------+
         Total |    854 |    854 |      0 |     36 |      0 |   3 |  284.7 |
       Dungeon |    854 |    854 |      0 |     36 |      0 |   3 |  284.7 |
               +--------+--------+--------+--------+--------+-----+--------+

Top non-repeatable levels by time:
     D:1: 355 daAuts
     D:2: 297 daAuts
     D:3: 201 daAuts
